Map: Romanticide LE

Players

scplayer

  • Race: Terran Terran
  • League: Master
  • Spawn Location: 11:00

MarcoMan - Winner!

  • Race: Protoss Protoss
  • League: Master
  • Spawn Location: 5:00

VOD

Have the link to the VOD?

Description

Time

  • Played on: Jan. 17, 2021, 11:13 p.m.
  • Length: 9:52
Show
View Real Time Build Order
Export as new Build Order

scplayer Terran 

Build Orders:  

Get SALT Encoding   

  12  0:00  SCV  
  13  0:12  SCV  
  14  0:17  Supply Depot  
  14  0:24  SCV  
  15  0:39  Barracks, SCV  
  16  0:47  Refinery  
  16  0:51  SCV  
  16  0:56  Supply Depot  
  17  1:12  Barracks  
  17  1:15  SCV  
  18  1:27  Bunker  
  18  1:28  Marine  
  19  1:38  Orbital Command  
  19  1:47  Marine  
  20  2:01  Barracks Tech Lab  
  20  2:03  SCV  
  20  2:05  Marine  
  20  2:06  Factory  
  21  2:18  SCV  
  21  2:20  Marine  
  23  2:23  Marine  
  24  2:30  SCV  
  24  2:34  Refinery  
  25  3:00  SCV  
  25  3:01  Siege Tank  
  29  3:07  Supply Depot  
  29  3:12  SCV  
  30  3:15  Command Center  
  30  3:16  Barracks Tech Lab  
  30  3:20  Barracks Reactor  
  30  3:28  SCV  
  30  3:33  Cyclone  
  34  3:47  Marine  
  34  3:48  Stimpack  
  35  3:49  SCV  
  35  3:53  Engineering Bay  
  36  4:05  Marine x2  
  36  4:06  Marine  
  39  4:15  Supply Depot, Cyclone, SCV  
  40  4:28  Orbital Command  
  40  4:30  Marine x2  
  42  4:41  Starport  
  41  4:54  SCV  
  41  4:56  SCV  
  41  4:57  Marine  
  44  5:05  Mag-Field Accelerator  
  44  5:20  SCV x2  
  46  5:26  Viking x2  
  46  5:27  Barracks Reactor  
  49  5:51  Cyclone  
  49  5:56  Viking  
  53  5:59  Supply Depot x2  
  53  6:00  Supply Depot  
  53  6:06  Viking  
  53  6:08  Marine x3  
  57  6:26  Marine  
  57  6:28  Viking  
  57  6:30  Marine x2  
  62  6:39  Supply Depot  
  62  6:43  Marine  
  62  6:44  Viking  
  65  6:48  Marine  
  64  7:00  Viking  
  66  7:01  SCV x2  
  68  7:27  Viking  
  68  7:29  Marine x3  
  73  7:36  Viking  
  75  7:47  Marine  
  75  7:48  Marine x2  
  78  8:12  Supply Depot  
  78  8:26  Marine  
  78  8:27  SCV, Viking  
  78  8:31  Viking, SCV, Marine x2  
  83  8:44  Marine  
  81  8:49  Marine x2  
  66  9:04  Viking x2  
  69  9:14  Marine x3  
Show
View Real Time Build Order
Export as new Build Order

MarcoMan Protoss - Winner!

Build Orders:  

Get SALT Encoding   

  12  0:01  Probe  
  13  0:13  Probe  
  14  0:18  Pylon  
  14  0:25  Probe  
  15  0:37  Probe  
  15  0:39  Forge  
  16  1:04  Pylon  
  16  1:24  Photon Cannon  
  16  1:29  Gateway  
  16  1:33  Probe  
  17  1:40  Photon Cannon  
  17  1:45  Probe  
  17  1:46  Assimilator  
  18  1:50  Assimilator  
  18  1:56  Pylon  
  18  1:57  Probe  
  19  2:10  Probe  
  20  2:15  Zealot  
  20  2:19  Photon Cannon  
  23  2:26  Cybernetics Core  
  22  2:39  Probe  
  23  2:51  Probe  
  24  3:03  Probe  
  24  3:04  Adept, Stargate  
  27  3:10  Shield Battery  
  27  3:16  Shield Battery  
  27  3:27  Shield Battery  
  27  3:35  Pylon  
  27  3:40  Void Ray (Chrono Boost)  
  27  3:51  Shield Battery  
  31  4:07  Void Ray (Chrono Boost)  
  35  4:28  Photon Cannon  
  35  4:35  Fleet Beacon  
  35  4:59  Pylon  
  35  5:05  Photon Cannon  
  35  5:16  Tempest (Chrono Boost)  
  35  5:19  Photon Cannon  
  40  5:43  Pylon  
  40  6:02  Tempest (Chrono Boost)  
  45  6:26  Photon Cannon  
  45  6:27  Pylon  
  45  6:38  Tempest (Chrono Boost)  
  50  7:07  Photon Cannon  
  50  7:13  Tempest (Chrono Boost)  
  55  7:25  Shield Battery  
  55  7:26  Shield Battery  
  55  7:36  Nexus  
  51  7:44  Tempest (Chrono Boost)  
  56  8:08  Warp Gate  
  56  8:11  Twilight Council  
  56  8:33  Pylon  
  56  8:41  Oracle (Chrono Boost)  
  56  8:42  Gateway  
  50  9:15  Tempest (Chrono Boost), Probe x2  
  57  9:27  Probe  
Tags
 
Matchup
PvT
Replay Pack
Weekend
Spawn Locations
Cross Positions
Add a new tag
Caveats
  • Supply blocks, unpowered buildings, or Contaminate may cause inaccurate times.
  • Supply counts are checked every 10 seconds.